 Dungeon Crawl Stone Soup version 0.28-a0-60-g54b5640690 (webtiles) character file.

Game seed: 4333111942630928599

1 arson the Skirmisher (level 1, -1/16 HPs)
             Began as a Vine Stalker Berserker on July 30, 2021.
             Was a Follower of Trog.
             Frozen to death by an endoplasm (4 damage)
             ... on level 1 of the Dungeon.
             The game lasted 00:00:11 (49 turns).

arson the Skirmisher (Vine Stalker Berserker)         Turns: 49, Time: 00:00:11

Health: -1/16      AC:  2    Str: 19    XL:     1   Next: 20%
Magic:  0/2        EV: 12    Int:  7    God:    Trog [*.....]
Gold:   28         SH:  0    Dex: 13    Spells: 0/0 levels left

rFire   . . .      SeeInvis .   a - +0 falchion
rCold   . . .      Faith    .   (no shield)
rNeg    . . .      Spirit   +   b - +0 animal skin
rPois   .          Reflect  .   (no helmet)
rElec   .          Harm     .   (no cloak)
rCorr   .          Rampage  .   (no gloves)
Will    .....                   (no boots)
Stlth   ..........              (no amulet)
HPRegen 0.05/turn               (no ring)
MPRegen 0.08/turn               (no ring)

@: berserking, very quick
A: fangs 2, magic shield, antimagic bite, no potion heal 2
a: Renounce Religion, Berserk


You were on level 1 of the Dungeon.
You worshipped Trog.
Trog was aware of your devotion.
You visited 1 branch of the dungeon, and saw 1 of its levels.

You collected 28 gold pieces.

Inventory:

Hand Weapons
 a - a +0 falchion (weapon)
Armour
 b - a +0 animal skin (worn)


   Skills:
 + Level 2.7 Fighting
 + Level 2.7 Long Blades
 - Level 1.5 Armour
 - Level 1.5 Dodging


You couldn't memorise any spells.
You didn't know any spells.
Your spell library was empty.

Dungeon Overview and Level Annotations

Branches:
Dungeon (1/15)

Altars:


Innate Abilities, Weirdness & Mutations

You have extremely sharp teeth.
When hurt, damage is shared between your health and your magic reserves.
Your bite disrupts and absorbs the magic of your enemies.
Potions cannot restore your health.


Message History

Welcome, arson the Vine Stalker Berserker.
The bosom of this dungeon contains the fabled artefact, the Orb of Zot.
Trog says: Kill them all!
Press ? for a list of commands and other information.
Found a staircase leading out of the dungeon.
You open the large door.
Found a ring mail.
No target in view!
No target in view!
There is a large open door here.
You now have 19 gold pieces.
Found a stone staircase leading down.
You now have 28 gold pieces (gained 9).
As you open the door, it creaks loudly!
You hear a shout!
A kobold comes into view. It is wielding a +0 dagger.
There is an open door here.
A dart slug comes into view.
An endoplasm comes into view.
You hit the kobold.
You kill the kobold!
Trog accepts your kill. The dart slug launches a dart at you.
The slug dart hits you.
Things that are here:
a +0 dagger; a kobold corpse The endoplasm barely misses you.
The dart slug launches a dart at you. The slug dart hits you.
You barely miss the endoplasm. You bite the endoplasm. You drain its power.
You feel invigorated.
The endoplasm is almost dead.
The endoplasm closely misses you. The endoplasm freezes you.
You are frozen.
* * * LOW HITPOINT WARNING * * *
A red film seems to cover your vision as you go berserk!
You feel yourself moving faster!
You feel mighty! The endoplasm freezes you.
You are frozen.
You die...

....###.######
≈............#########
...####.####.##......#
#.## #.# #.##......#
##..# #.# #..'......+
....###.# ####......#
.≈...##.# +.)....+
≈#.#.##.# ####......#
≈#....#.# #....@....#
≈...#.#.# #...wJ....#
....#.#.# #.........#
..###...# #.........#
#...##..# #.........#
#≈≈.##..# #.........#
≈≈#.##..# #.........#
≈.#..#..# #.........#
#........


You could see a dart slug and an endoplasm.

Vanquished Creatures
  A kobold (D:1)
1 creature vanquished.

Notes
Turn   | Place    | Note
-------+----------+-------------------------------------------
     0 | D:1      | arson the Vine Stalker Berserker began the quest for the
                  | Orb.
     0 | D:1      | Reached XP level 1. HP: 11/11 MP: 2/2
    49 | D:1      | Frozen to death by an endoplasm

Illustrated notes

Levels and vault maps discovered:
D:1:      denvon_arrival_waterhouse, layout_basic, minmay_shallow_snake_nest

Action                   || total
-------------------------++-------
Melee: Falchion          ||     2
       Bite              ||     1
Invok: Berserk           ||     1
Dodge: Dodged            ||     2

Table legend: (Time is in decaauts)
 A = Elapsed time spent in this place.
 B = Non-inter-level travel time spent in this place.
 C = Inter-level travel time spent in this place.
 D = Time resting spent in this place.
 E = Time spent auto-exploring this place.
 F = Levels seen in this place.
 G = Mean time per level.
                   A        B        C        D        E       F      G
               +--------+--------+--------+--------+--------+-----+--------+
         Total |     49 |     49 |      0 |      0 |     41 |   1 |   49.0 |
       Dungeon |     49 |     49 |      0 |      0 |     41 |   1 |   49.0 |
               +--------+--------+--------+--------+--------+-----+--------+

Top non-repeatable levels by time:
     D:1: 49 daAuts
